 Dungeon Crawl Stone Soup version 0.29-a0-330-g52719c12eb (webtiles) character file.

Game seed: 11717451247185325128

26595 Gwenloh the Cleaver (level 13, -2/119 HPs)
             Began as a Hill Orc Fighter on May 3, 2022.
             Was a Follower of Uskayaw.
             Succumbed to Nessos's poison
             ... on level 4 of the Lair of Beasts on May 4, 2022.
             The game lasted 00:50:37 (18059 turns).

Gwenloh the Cleaver (Hill Orc Fighter)             Turns: 18059, Time: 00:50:37

Health: -2/119     AC: 19    Str: 20    XL:     13   Next: 27%
Magic:  31/31      EV:  6    Int: 16    God:    Uskayaw [*.....]
Gold:   641        SH:  7    Dex: 15    Spells: 12/12 levels left

rFire   . . .      SeeInvis .   a - +8 mithril axe "Arga" {speed, Will+}
rCold   . . .      Faith    .   c - +0 buckler
rNeg    . . .      Spirit   .   P - +0 plate armour
rPois   .          Reflect  .   v - +0 helmet
rElec   .          Harm     .   Z - scarf {shadows}
rCorr   .          Rampage  .   I - +0 pair of gloves
Will    +....                   l - +0 pair of boots
Stlth   ..........              V - amulet of Piuposs {Acrobat Dex+3}
HPRegen 0.29/turn               D - ring of magical power
MPRegen 0.22/turn               Y - +6 ring of intelligence

@: lethally poisoned (-2 -> -22)
A: no striking features
a: Renounce Religion, Stomp


You were on level 4 of the Lair of Beasts.
You worshipped Uskayaw.
Uskayaw was pleased with you.
You visited 3 branches of the dungeon, and saw 16 of its levels.
You also visited: Sewer.

You collected 875 gold pieces.
You spent 234 gold pieces at shops.

Inventory:

Hand Weapons
 a - the +8 mithril axe "Arga" (weapon) {speed, Will+}
   (You acquired it on level 7 of the Dungeon)

   Attacks with this weapon are significantly faster.
   Will:      It increases your willpower.
 b - the +4 flail of Kismet {pain, Str+7}
   (You found it on level 3 of the Lair of Beasts)

   In the hands of one skilled in necromantic magic, it inflicts extra damage on
   living creatures.
   Str:       It affects your strength (+7).
 o - a +2 vorpal broad axe
Missiles
 p - a throwing net
 x - 60 poisoned darts
 Q - 3 javelins (quivered)
Armour
 c - a +0 buckler (worn)
 l - a +0 pair of boots (worn)
 v - a +0 helmet (worn)
 I - a +0 pair of gloves (worn)
 P - a +0 plate armour (worn)
 Z - a scarf of shadows (worn)
Jewellery
 i - an amulet of regeneration
 D - a ring of magical power (left hand)
 V - the amulet of Piuposs (around neck) {Acrobat Dex+3}
   (You found it on level 9 of the Dungeon)

   [amulet of the acrobat]

   It increases your evasion while moving and waiting.
   Dex:       It affects your dexterity (+3).
 Y - a +6 ring of intelligence (right hand)
Wands
 k - a wand of polymorph (11)
 J - a wand of digging (6)
 T - a wand of acid (4)
 W - a wand of paralysis (3)
Scrolls
 f - 4 scrolls of immolation
 g - 2 scrolls of torment
 h - 6 scrolls of amnesia
 j - 3 scrolls of summoning
 n - 9 scrolls of teleportation
 q - 6 scrolls of vulnerability
 s - 6 scrolls of magic mapping
 t - a scroll of enchant weapon
 u - 3 scrolls of fog
 w - 3 scrolls of blinking
 y - a scroll of holy word
 z - 2 scrolls of silence
 A - a scroll of identify
 G - a scroll of enchant armour
 R - 5 scrolls of fear
Potions
 d - 5 potions of might
 e - a potion of magic
 m - 13 potions of curing
 r - 9 potions of flight
 C - a potion of resistance {unknown}
 E - 2 potions of mutation {unknown}
 F - 3 potions of heal wounds
 H - 4 potions of haste
 K - a potion of lignification {unknown}
 L - a potion of invisibility {unknown}
 N - a potion of ambrosia {unknown}
 O - 3 potions of attraction
 S - a potion of cancellation {unknown}


   Skills:
 + Level 12.6 Fighting
 + Level 13.3 Axes
 + Level 11.6 Armour
 + Level 11.6 Shields
 + Level 12.1 Invocations


You had 12 spell levels left.
You didn't know any spells.
Your spell library contained the following spells:

 Spells                   Type           Power      Damage    Failure   Level
 Shock                    Conj/Air       0%         1d3       99%         1
 Sting                    Tmut/Pois      0%         1d3       99%         1
 Poisonous Vapours        Pois/Air       0%         N/A       100%        2
 Sublimation of Blood     Necr           0%         N/A       100%        2
 Swiftness                Air            0%         N/A       100%        3
 Tukima's Dance           Hex            0%         N/A       100%        3
 Airstrike                Air            0%         N/A       100%        4
 Animate Armour           Summ/Erth      0%         N/A       100%        4
 Olgreb's Toxic Radiance  Pois           0%         N/A       100%        4
 Passage of Golubria      Tloc           0%         N/A       100%        4
 Petrify                  Tmut/Erth      0%         N/A       100%        4
 Summon Ice Beast         Ice/Summ       0%         N/A       100%        4
 Summon Lightning Spire   Summ/Air       0%         N/A       100%        4
 Blade Hands              Tmut           0%         N/A       100%        5
 Irradiate                Conj/Tmut      0%         3d13      100%        5
 Summon Mana Viper        Hex/Summ       0%         N/A       100%        5
 Yara's Violent Unravell  Hex/Tmut       0%         3d3       100%        5
 Iron Shot                Conj/Erth      0%         9d1       100%        6
 Monstrous Menagerie      Summ           0%         N/A       100%        7
 Storm Form               Tmut/Air       0%         N/A       100%        7
 Maxwell's Capacitive Co  Air            0%         ∞         100%        8


Dungeon Overview and Level Annotations

Branches:
Dungeon (10/15)            Temple (1/1) D:4            Lair (5/6) D:10
  Swamp (0/4) Lair:2        Snake (0/4) Lair:4          Orc (0/2) D:9
  Sewer (visited)
  Slime: Lair:5-6

Altars:
Ashenzari
Cheibriados
Dithmenos
Elyvilon
Fedhas
Gozag
Hepliaklqana
Kikubaaqudgha
Makhleb
Nemelex Xobeh
Okawaru
Qazlal
Ru
Sif Muna
Trog
Uskayaw
Vehumet
Wu Jian
Xom
Yredelemnul
Zin
The Shining One

Shops:
D:1 (

Annotations:
Lair:5 Nessos


Message History

Nessos gestures wildly while chanting.
Nessos blinks!
Nessos wields a +1 longbow of flaming.
It bursts into flame!
Nessos shoots an arrow.
The arrow completely misses you.
Nessos shoots an arrow.
You block the arrow.
Nessos shoots an arrow.
The arrow barely misses you.
Nessos shoots an arrow.
The arrow hits you. The arrow burns you.
You are poisoned.
Nessos shoots an arrow.
The arrow completely misses you.
You feel very sick.
Nessos mumbles some strange words.
Nessos blinks!
Nessos shoots an arrow.
The arrow hits you!! The arrow burns you!
You are more poisoned.
You feel extremely sick.
Nessos shoots an arrow.
The arrow hits you!! The arrow burns you.
You are more poisoned.
Nessos gestures wildly while chanting.
Nessos blinks!
You feel extremely sick.
Nessos pounds the earth with their hooves.
Nessos shoots an arrow.
The arrow completely misses you.
* * * LOW HITPOINT WARNING * * *
You feel extremely sick.
Nessos shoots an arrow.
The arrow hits you!
* * * LOW HITPOINT WARNING * * *
The arrow burns you!
You are more poisoned.
* * * LOW HITPOINT WARNING * * *
There is a stone staircase leading up here.
You feel better.
Nessos shoots an arrow.
You block the arrow.
Nessos shoots an arrow.
The arrow hits you but does no damage.
Nessos intently looks at you, slowly moving their tail.
Nessos shoots an arrow.
The arrow barely misses you.
Nessos shoots an arrow.
The arrow hits you!
* * * LOW HITPOINT WARNING * * *
The arrow burns you.
You are lethally poisoned!
* * * LOW HITPOINT WARNING * * *
You climb upwards.
You die...

..................#
>................##
####P.#..###..#...#
# ###.### #.##..##
### #####.## #...#
#..## ## ### ##...#
P# #.######..@.#
.######.#..#.....##
..................##
##..###.##.##..###.#
#### ########## ###


There were no monsters in sight!

Vanquished Creatures
  2 hydras
  A two-headed ogre (D:9)
  6 death yaks (Lair:4)
  A bog body (Lair:2)
  3 black mambas
  A torpor snail (Lair:4)
  9 cane toads
  4 rime drakes
  An unseen horror (D:10)
  A kobold demonologist (D:8)
  A komodo dragon (Lair:3)
  2 polar bears (Lair:3)
  Grinder (D:5)
  2 hornets
  A troll (D:10)
  15 blink frogs
  2 wyverns
  14 yaks
  2 basilisks
  A steam dragon (Lair:3)
  A swamp worm (Lair:2)
  3 nagas (Lair:4)
  An acid dragon (D:9)
  12 water moccasins
  3 ice beasts
  2 orc warriors
  4 black bears
  2 ogres
  A sky beast (D:6)
  16 wolves
  3 centaurs
  2 phantoms
  10 bullfrogs
  9 kobold brigands
  A gnoll sergeant (D:9)
  7 necrophages
  6 scorpions
  5 wights (D:6)
  8 electric eels
  A crimson imp (D:6)
  3 howler monkeys
  7 hounds
  5 orc priests
  3 jellies
  4 orc wizards
  8 iguanas
  Robin (D:3)
  6 gnolls
  5 river rats (Sewer)
  14 adders
  A shadow imp (D:6)
  4 white imps
  5 worms
  4 dart slugs
  43 orcs
  11 ball pythons
  6 endoplasms
  15 giant cockroaches
  16 goblins
  13 hobgoblins
  3 jackals
  21 kobolds
  10 quokkas
  12 bats
  8 frilled lizards
  4 rats
399 creatures vanquished.

Vanquished Creatures (others)
  36 fungi
  49 plants
85 creatures vanquished.

Grand Total: 484 creatures vanquished

Notes
Turn   | Place    | Note
-------+----------+-------------------------------------------
     0 | D:1      | Gwenloh the Hill Orc Fighter began the quest for the Orb.
     0 | D:1      | Reached XP level 1. HP: 19/19 MP: 1/1
   119 | D:1      | Reached XP level 2. HP: 23/27 MP: 2/2
   182 | D:1      | Reached skill level 3 in Axes
   407 | D:1      | Found a faded altar of an unknown god.
   561 | D:1      | Reached XP level 3. HP: 33/33 MP: 3/3
   803 | D:1      | Found Ebugacwa's Weapon Shop.
  1417 | D:2      | Found a glowing silver altar of Zin.
  1564 | D:2      | Reached XP level 4. HP: 36/40 MP: 4/4
  1781 | D:3      | Reached skill level 4 in Axes
  1784 | D:3      | Reached XP level 5. HP: 45/47 MP: 5/5
  1981 | D:3      | Noticed Robin
  2044 | D:3      | Killed Robin
  2508 | D:4      | Found a glowing drain.
  2533 | Sewer    | Entered a sewer
  2701 | Sewer    | Reached skill level 5 in Fighting
  2760 | Sewer    | Reached XP level 6. HP: 56/56 MP: 6/6
  3259 | D:4      | Found a broken altar of Ashenzari.
  3407 | D:4      | Reached skill level 5 in Axes
  3556 | D:4      | Reached skill level 5 in Armour
  3556 | D:4      | Reached skill level 5 in Shields
  3575 | D:4      | Reached XP level 7. HP: 58/62 MP: 7/7
  3845 | D:4      | Found a sparkling altar of Nemelex Xobeh.
  4061 | D:4      | Found a staircase to the Ecumenical Temple.
  4067 | Temple   | Entered the Ecumenical Temple
  4277 | Temple   | Became a worshipper of Uskayaw the Reveller
  4532 | D:5      | Entered Level 5 of the Dungeon
  4541 | D:5      | Reached * piety under Uskayaw
  4552 | D:5      | Reached ** piety under Uskayaw
  4553 | D:5      | Noticed Grinder
  4693 | D:5      | Killed Grinder
  4693 | D:5      | Reached *** piety under Uskayaw
  4694 | D:5      | Reached skill level 6 in Axes
  4694 | D:5      | Reached XP level 8. HP: 71/71 MP: 7/9
  4937 | D:5      | Reached **** piety under Uskayaw
  5033 | D:5      | Reached skill level 7 in Axes
  5429 | D:1      | Bought a +2 vorpal broad axe for 234 gold pieces
  5765 | D:6      | Found a white marble altar of Elyvilon.
  5784 | D:6      | Reached XP level 9. HP: 60/79 MP: 6/12
  6073 | D:6      | Reached skill level 5 in Invocations
  6250 | D:6      | Reached skill level 8 in Axes
  6780 | D:7      | Identified a scroll of acquirement
  6781 | D:7      | Acquired the +8 mithril axe "Arga" {speed, Will+}
  6781 | D:7      | Found the +8 mithril axe "Arga" {speed, Will+}
  7572 | D:8      | Noticed a kobold demonologist
  7591 | D:8      | Killed a kobold demonologist
  7591 | D:8      | Reached ***** piety under Uskayaw
  7592 | D:8      | Reached XP level 10. HP: 69/90 MP: 14/14
  7595 | D:8      | Reached skill level 9 in Axes
  7595 | D:8      | Reached ****** piety under Uskayaw
  8226 | D:9      | Noticed a two-headed ogre
  8233 | D:9      | Killed a two-headed ogre
  8293 | D:9      | Paralysed by a hornet for 3 turns
  8379 | D:9      | Found a staircase to the Orcish Mines.
  8659 | D:9      | Found an ancient bone altar of Kikubaaqudgha.
  8734 | D:9      | Reached skill level 10 in Axes
  8758 | D:9      | Identified the amulet of Piuposs {Acrobat Dex+3}
  8944 | D:9      | Found a radiant altar of Vehumet.
  8952 | D:9      | Found a burning altar of Makhleb.
  8964 | D:9      | Found an ornate altar of the Wu Jian Council.
  9136 | D:10     | Entered Level 10 of the Dungeon
  9209 | D:10     | Reached XP level 11. HP: 85/99 MP: 17/17
  9216 | D:10     | Found a staircase to the Lair.
  9687 | D:10     | Reached skill level 10 in Fighting
 10030 | Lair:1   | Entered Level 1 of the Lair of Beasts
 10231 | Lair:1   | Identified the +3 ring mail of Liuhess {Fly Str+9 Int-3
                  | Slay-4}
 11399 | Lair:1   | Identified the +1 plate armour of Happiness {MP+9 Int+4}
 11405 | Lair:1   | Found a shimmering altar of Xom.
 11714 | Lair:1   | Reached skill level 11 in Axes
 12382 | Lair:2   | Reached skill level 10 in Armour
 12400 | Lair:2   | Reached skill level 10 in Shields
 12503 | Lair:2   | Reached skill level 10 in Invocations
 12778 | Lair:2   | Reached XP level 12. HP: 108/110 MP: 19/19
 13324 | Lair:2   | Found a staircase to the Swamp.
 14006 | Lair:3   | Reached skill level 12 in Axes
 14200 | Lair:3   | Noticed an eight-headed hydra
 14212 | Lair:3   | Killed an eight-headed hydra
 14908 | Lair:3   | Identified the +4 flail of Kismet {pain, Str+7}
 15846 | Lair:4   | Found a staircase to the Snake Pit.
 16545 | Lair:4   | Noticed a death yak
 16546 | Lair:4   | Noticed a death yak
 16562 | Lair:4   | Killed a death yak
 16563 | Lair:4   | Noticed a death yak
 16566 | Lair:4   | Noticed a death yak
 16567 | Lair:4   | Noticed a death yak
 16569 | Lair:4   | Noticed a death yak
 16577 | Lair:4   | Killed a death yak
 16578 | Lair:4   | Reached XP level 13. HP: 59/118 MP: 21/21
 16580 | Lair:4   | Reached skill level 13 in Axes
 18045 | Lair:5   | Noticed Nessos
 18058 | Lair:5   | HP: 4/119 [Nessos/arrow (3)]
 18059 | Lair:4   | Succumbed to Nessos's poison

Illustrated notes

Levels and vault maps discovered:
D:1:      minmay_arrival_open_corners, layout_basic,
          dreamdust_ecumenical_altar_statues, serial_shops,
          nicolae_shop_waterfront
D:2:      layout_loops_ring, basic_altar, kennysheep_potato
D:3:      layout_basic, minmay_misc_feat_plants, uniq_robin
D:4:      minmay_chambers_of_fours, layout_loops_corners,
          nicolae_ashenzari_skybound, nemelex_spade_bored_becter,
          minmay_temple_entry_fiery, gup_sewer_entry_pipe,
          minmay_fractal_squares_diagonal_5
D:5:      layout_rooms, kennysheep_generic_room_16, uniq_grinder
D:6:      layout_basic, lemuel_round_altar, minmay_fire_ice_demons
D:7:      layout_basic
D:8:      layout_basic, special_room [special_room_kobold]
D:9:      layout_irregular_city, kiku_gazebo_pond_becter,
          minmay_overflow_temple_star_quad, hiddenorc2_lemuel,
          serial_column_ruins, column_ruins_courtyard_long,
          column_ruins_corridor_straight, column_ruins_corridor_corner,
          column_ruins_columns_T, column_ruins_columns_straight,
          column_ruins_columns_water, column_ruins_columns_straight
D:10:     layout_big_octagon, erik_lair_island, serial_bayou_pond_c
Temple:   regret_index_temple_generic_petals
Lair:1:   layout_loops_ring, basic_altar, disabler_island,
          infiniplex_staircase_pool_2
Lair:2:   layout_gridlike, nicolae_swamp_entry_splash_gauntlet,
          grunt_megastairs_2
Lair:3:   layout_hall_layers, serial_bayou_pond_a, serial_bayou_pond_c,
          serial_bayou_pond_d, fungi_pond_lemuel, roderic_carrion_pond
Lair:4:   layout_long_grid, minmay_snake_entry_guardpost_small, minivault_23
Lair:5:   layout_long_grid, dpeg_slime_entry_corner, uniq_nessos, uniq_snorg

Skill      XL: |  1  2  3  4  5  6  7  8  9 10 11 12 13 |
---------------+----------------------------------------+-----
Axes           | 3 4 5 6 7 8 10 11 12 13 | 13.3
Fighting       | 4 5 6 7 8 9 11 12 | 12.6
Shields        | 4 5 6 7 8 10 11 | 11.6
Armour         | 4 5 6 7 8 10 11 | 11.6
Invocations    | 2 4 6 8 10 11 12 | 12.1

Action                   |  1- 3 |  4- 6 |  7- 9 | 10-12 | 13-15 || total
-------------------------+-------+-------+-------+-------+-------++-------
Melee: War axe           |   100 |   270 |   124 |       |       ||   494
       Broad axe         |       |       |   102 |   506 |    30 ||   638
       Flail             |       |       |       |    17 |    11 ||    28
Throw: Dart              |     5 |     8 |     2 |    15 |       ||    30
       Javelin           |       |       |       |     3 |     2 ||     5
Invok: Line Pass         |       |       |     6 |     1 |       ||     7
       Stomp             |       |       |       |     8 |     2 ||    10
       Grand Finale      |       |       |       |       |     1 ||     1
Evoke: Wand              |       |       |    12 |    25 |     3 ||    40
  Use: Scroll            |       |     7 |     7 |    10 |     1 ||    25
       Potion            |       |       |       |       |     2 ||     2
 Stab: Paralysed         |       |       |    25 |    40 |       ||    65
       Confused          |       |       |     1 |       |       ||     1
Armor: Chain mail        |    55 |   198 |   125 |     3 |       ||   381
       Plate armour      |       |       |       |   215 |    48 ||   263
Dodge: Dodged            |    34 |   113 |    70 |   123 |    25 ||   365
Block: Buckler           |    17 |    69 |    62 |   116 |    23 ||   287

Table legend: (Time is in decaauts)
 A = Elapsed time spent in this place.
 B = Non-inter-level travel time spent in this place.
 C = Inter-level travel time spent in this place.
 D = Time resting spent in this place.
 E = Time spent auto-exploring this place.
 F = Levels seen in this place.
 G = Mean time per level.
                   A        B        C        D        E       F      G
               +--------+--------+--------+--------+--------+-----+--------+
         Total |  18338 |  17606 |    732 |   2877 |  11320 |  17 | 1078.7 |
       Dungeon |   9796 |   9209 |    587 |    845 |   6306 |  10 |  979.6 |
        Temple |    222 |    213 |      9 |      0 |    191 |   1 |  222.0 |
          Lair |   7398 |   7263 |    135 |   2032 |   4217 |   5 | 1479.6 |
         Sewer |    921 |    921 |      0 |      0 |    606 |   1 |  921.0 |
               +--------+--------+--------+--------+--------+-----+--------+

Top non-repeatable levels by time:
  Lair:4: 2483 daAuts
  Lair:2: 1739 daAuts
  Lair:1: 1705 daAuts
     D:4: 1476 daAuts
     D:9: 1193 daAuts
     D:6: 1166 daAuts
  Lair:3: 1153 daAuts
    D:10: 1150 daAuts
   Sewer: 921 daAuts
     D:2: 903 daAuts
     D:1: 903 daAuts
     D:3: 822 daAuts
     D:8: 739 daAuts
     D:7: 721 daAuts
     D:5: 720 daAuts
